[Event "Early-Titled-Tuesday-Blitz-September-12-2023"]
[Site "Chess.com"]
[Date "2023.09.12"]
[Round "11"]
[White "Polish_fighter3000"]
[Black "Firouzja2003"]
[Result "1/2-1/2"]
[WhiteElo "3086"]
[BlackElo "3078"]
[TimeControl "180+1"]
[EndTime "10:06:55 PDT"]
[Termination "Game drawn by repetition"]

1. d4 Nf6 2. c4 g6 3. f3 Bg7 4.
e4 d6 5. Nc3 O-O 6. Be3 c5 7.
Nge2 Nc6 8. Qd2 Qa5 9. b3 e6 10. Rc1 Re8 11. Nb5 Nb4 12. Nec3 cxd4 13. Bxd4 Nc6 14.
Be3 d5 15. Nd6 Rd8 16. Ncb5 Qxd2+ 17. Bxd2 dxe4 18. Nxe4 Nxe4 19. fxe4 a6 20. Nc3 Bd7 21. Bg5 f6 22. Be3 Bf8 23. c5 Ne5 24. Be2 Rdc8 25.
b4 a5 26. a3 axb4 27. axb4 Ra3 28. O-O Rb3 29. Rxf6 Bg7 30. Rff1 Nc6 31. Bd2 Rb2 32. Rfd1 Nxb4 33. Bf1 Bc6 34. Bf4 Rf8 35. Bd6 Rff2 36. Bg3 Rfd2 37. Rxd2 Rxd2 38. Be1 Rb2 39. Nd1 Na2 40. Nxb2 Nxc1 41. Nd3 Nb3 42. e5 Be4 43. Bc3 Bxd3 44. Bxd3 Nxc5 45. Bc4 Kf7 46. Bb5 Ne4 47. Bd4 Nd2 48. Kf2 Nb3 49. Bb2 Nc5 50. Kf3 b6 51. h4 Bf8 52. g4 Be7 53. h5 Bg5 54. hxg6+ hxg6 55. Bd4 Be7 56. Bxc5 Bxc5 57. Ke4 g5 58. Kf3 Ke7 59. Ke4 Kd8 60. Kf3 Ke7 61. Ke4 Kd8 62. Kf3 Ke7 1/2-1/2

[Event "Early-Titled-Tuesday-Blitz-September-12-2023"]
[Site "Chess.com"]
[Date "2023.09.12"]
[Round "11"]
[White "MightyGMpretender"]
[Black "Nf3c5"]
[Result "1-0"]
[WhiteElo "2794"]
[BlackElo "2584"]
[TimeControl "180+1"]
[EndTime "10:06:56 PDT"]
[Termination "MightyGMpretender won on time"]

1. e4 e5 2. Nf3 Nc6 3. Bc4 Nf6 4. d3 Be7 5. c3 d6 6. h3 a6 7. Nbd2 Na5 8. b4 Nxc4 9. Nxc4 h6 10. Ne3 c6 11. O-O O-O 12. a4 Re8 13. Bb2 Bf8 14. c4 a5 15. b5 Nd7 16. Nd2 Nc5 17. Nb3 Ne6 18. Kh1 Nf4 19. Nc1 Qh4 20. Qf3 Re6 21.
Nf5 Qd8 22. Ne2 Ng6 23. Qe3 Rf6 24. g4 d5 25. f4 Re6 26. fxe5 Nxe5 27. cxd5 cxd5 28.
Nf4 Nc4 29. Nxe6 Nxe3 30. Nxd8 Nxf1 31. Rxf1 dxe4 32. Nxf7 Kxf7 33. dxe4 Kg8 34. Rc1 Be6 35. Rc7 g6 36. Nh4 Bf7 37. Nf3 Bd6 38. Rxb7 Rc8 39.
Ne5 Be8 40. Nc6 Bxc6 41. bxc6 Rxc6 42. Bf6 Bf8 43. e5 Rc1+ 44. Kg2 Rc2+ 45. Kf3 Bc5 46. Rb8+ Kf7 47. Ke4 Ke6 48. Re8+ Kd7 49. Rg8 Re2+ 50. Kd5 Bb4 51. Rg7+ Kc8 52. Ke6 Re3 53. Rxg6 Rxh3 54. Rg8+ Kc7 55. Kf7 h5 56. g5 h4 57. e6 Re3 58. e7 h3 59. e8=Q Rxe8 60. Rxe8 h2 61.
Rh8 1-0

[Event "Early-Titled-Tuesday-Blitz-September-12-2023"]
[Site "Chess.com"]
[Date "2023.09.12"]
[Round "11"]
[White "Inepton_Fermion"]
[Black "LeoLV10"]
[Result "0-1"]
[WhiteElo "2361"]
[BlackElo "2492"]
[TimeControl "180+1"]
[EndTime "10:06:58 PDT"]
[Termination "LeoLV10 won on time"]

1. Nf3 Nf6 2. b3 g6 3. Bb2 Bg7 4. g3 O-O 5. Bg2 d6 6. O-O e5 7.
d3 Re8 8. c4 Nc6 9. Nc3 Rb8 10.
a3 a6 11. b4 Bd7 12. e4 Rf8 13. Nd5 Nxd5 14. cxd5 Ne7 15. d4 f6 16. Rc1 Bg4 17. Qc2 Rc8 18. a4 Kh8 19. b5 Bxf3 20. Bxf3 f5 21. dxe5 dxe5 22. bxa6 bxa6 23. Ba3 Qd7 24. Qc5 Rfe8 25. a5 fxe4 26. Bxe4 Qg4 27. f3 Qg5 28. Bd3 Rcd8 29. Bxa6 Rxd5 30. Qxc7 Qe3+ 31. Kh1 Qxa3 32. Bb7 Qxa5 33. Bxd5 Qxc7 34. Rxc7 Nxd5 35. Rb7 Nf6 36. Rc1 Kg8 37. Rcc7 Bf8 38. Kg2 e4 39. fxe4 Rxe4 40. Rf7 Re6 41. h3 h6 42. g4 Re2+ 43. Kf1 Re6 44. Kg2 Nd5 45. Rf3 Bg7 46. Rb8+ Kh7 47. Rb7 Nf6 48. Rc3 Nd5 49. Ra3 Kg8 50.
Ra8+ Bf8 51. Rbb8 Rf6 52. Rd8 Nf4+ 53. Kg3 g5 54. Re8 Ng6 55. Kg2 Kg7 56. Kg3 Bd6+ 57. Kg2 Nh4+ 58. Kg1 Bc5+ 59. Kh2 Rf2+ 60. Kh1 Rf1+ 61.
Kh2 Bd6+ 0-1

[Event "Early-Titled-Tuesday-Blitz-September-12-2023"]
[Site "Chess.com"]
[Date "2023.09.12"]
[Round "11"]
[White "younix2022"]
[Black "ChEsper99"]
[Result "0-1"]
[WhiteElo "2061"]
[BlackElo "2236"]
[TimeControl "180+1"]
[EndTime "10:07:01 PDT"]
[Termination "ChEsper99 won by resignation"]

1. d4 Nf6 2. Bf4 d5 3. Nc3 a6 4. Nf3 e6 5. e3 c5 6. Be2 Nc6 7. h3 Bd6 8. Ne5 Qc7 9. Na4 cxd4 10. exd4 Nxe5 11. dxe5 Bxe5 12. Bxe5 Qxe5 13. Nb6 Rb8 14. O-O O-O 15. c3 Qc7 16. Qb3 Ne4 17. Rad1 Rd8 18. a4 Nc5 19. Qb4 a5 20. Qxa5 Nxa4 21. Qxa4 Qxb6 22. Qc2 Bd7 23. Bd3 g6 24. h4 Bb5 25. h5 Bxd3 26. Qxd3 Qc5 27. h6 b5 28. Qf3 Qf8 29. Qf4 Qe7 30. Rd4 e5 31. Re1 f6 32.
Qh4 Rb6 33. Rb4 Re8 34. f4 e4 35. Rd4 Rd6 36. Red1 Qe6 37. Qf2 f5 38. Qd2 Red8 39.
Qc2 Qe7 40. Qb3 Qd7 41. Qb4 Qc6 42. g3 Kf7 43. b3 Rc8 44. c4 bxc4 45. bxc4 Qc5 46.
Qxc5 Rxc5 47. Rxd5 Rdxd5 48. Rxd5 Rxd5 49. cxd5 Ke7 50. Kf2 Kd6 51. Ke3 Kxd5 52. Kd2 Kd4 53. Ke2 e3 54.
Kf3 Kd3 55. g4 e2 56. gxf5 gxf5 57. Kg3 e1=Q+ 58. Kf3 Qe3+ 0-1

[Event "Early-Titled-Tuesday-Blitz-September-12-2023"]
[Site "Chess.com"]
[Date "2023.09.12"]
[Round "11"]
[White "Eagle_2019"]
[Black "Zhigalko_Sergei"]
[Result "1-0"]
[WhiteElo "2719"]
[BlackElo "2876"]
[TimeControl "180+1"]
[EndTime "10:07:03 PDT"]
[Termination "Eagle_2019 won on time"]

1. d4 Nf6 2. Bg5 d5 3. e3 Nbd7 4. Nf3 e6 5. Nbd2 Be7 6. Bd3 b6 7. e4 dxe4 8. Nxe4 Bb7 9. Nxf6+ Bxf6 10. Be3 c5 11. c3 O-O 12. O-O Rc8 13. dxc5 Nxc5 14.
Be2 Qc7 15. Qc1 Rfd8 16. Bf4 Qc6 17. Bg5 Bxg5 18. Qxg5 h6 19. Qe3 Na4 20. Rab1 Qe4 21. Bb5 Qxe3 22. fxe3 Nc5 23. Nd4 Be4 24. Rbd1 e5 25. Nf3 f6 26. Rd2 Rxd2 27. Nxd2 Rd8 28. Rf2 Bd3 29. c4 Kf8 30. Bc6 Bg6 31. Bd5 Nd3 32. Rf1 Nxb2 33. e4 Nd3 34. Nf3 Ke7 35. Nh4 Bh7 36. Rf3 Nc5 37. Ra3 Rd7 38. Nf5+ Bxf5 39. exf5 Kd6 40. Kf2 e4 41. Ke3 Ke5 42. g4 b5 43. Ra5 a6 44. h3 Rd6 45. Ra3 bxc4 46. Bxc4 Rd1 47. Ra5 Kd6 48. Bxa6 Rh1 49.
Kd4 Nd7 50. Kxe4 Ke7 51. Bb5 Nc5+ 52. Kd5 Rxh3 53. Kxc5 Rh4 54. Be2 Rh3 55. Ra7+ Kf8 56. a4 Ra3 57. a5 h5 58. gxh5 Kg8 59. a6 Kh7 60. Ra8 Ra2 61. Bc4 Rxa6 62. Bxa6 1-0

[Event "Early-Titled-Tuesday-Blitz-September-12-2023"]
[Site "Chess.com"]
[Date "2023.09.12"]
[Round "11"]
[White "JaloliddinIlkhomi"]
[Black "kacprekt"]
[Result "0-1"]
[WhiteElo "2612"]
[BlackElo "2487"]
[TimeControl "180+1"]
[EndTime "10:07:03 PDT"]
[Termination "kacprekt won by resignation"]

1. Nf3 g6 2. d4 Bg7 3. c3 d5 4.
Bg5 h6 5. Bh4 c5 6. e3 Qb6 7.
Qb3 cxd4 8. exd4 Qe6+ 9. Be2 Nf6 10. Nbd2 Ne4 11. Nxe4 Qxe4 12. O-O g5 13. Rfe1 Qf5 14. Bg3 Nc6 15. Rad1 O-O 16. Bd3 Qd7 17. Bb1 f5 18. Be5 Nxe5 19. Nxe5 Qd6 20. Re2 e6 21. Rde1 Rb8 22.
Nd3 b6 23. Qb4 Rd8 24. Qb3 Rb7 25. Ne5 Re7 26. Bd3 a6 27. Bb1 b5 28. Qc2 a5 29. Nd3 b4 30. Nc5 Kf7 31. Re3 Bf6 32. Qe2 Rde8 33. Qh5+ Kg7 34. Rh3 Rh8 35. Rhe3 Rhe8 36.
g4 Qf4 37. h3 fxg4 38. hxg4 e5 39. dxe5 Bxe5 40. Qg6+ Kf8 41. Qxh6+ Bg7 42. Qh5 Rxe3 43.
fxe3 Qg3+ 44. Kh1 Qxe1+ 45. Kg2 Qe2+ 46. Kh1 Qd1+ 47. Kg2 Qxg4+ 48. Qxg4 Bxg4 49. cxb4 axb4 50. Kf2 d4 51. Be4 dxe3+ 52. Kxe3 Bf5 53. Kd3 Bxe4+ 54.
Nxe4 Rxe4 55. Kxe4 Bxb2 56. Kf5 Bc1 57. a3 bxa3 58.
Kg4 a2 59. Kf5 a1=Q 60. Kg4 Qe5 61. Kh5 g4+ 62. Kg6 Qg7+ 63. Kh5 g3 64. Kh4 g2 65.
Kh3 g1=Q 0-1

[Event "Early-Titled-Tuesday-Blitz-September-12-2023"]
[Site "Chess.com"]
[Date "2023.09.12"]
[Round "11"]
[White "Gauravthegm"]
[Black "Amirreza_p"]
[Result "1/2-1/2"]
[WhiteElo "2433"]
[BlackElo "2554"]
[TimeControl "180+1"]
[EndTime "10:07:03 PDT"]
[Termination "Game drawn by repetition"]

1. e4 c6 2. d4 d5 3. exd5 cxd5 4. Bd3 Nf6 5. c3 Bg4 6. Qb3 Qc7 7. h3 Bd7 8. Ne2 Nc6 9. Bf4 e5 10. dxe5 Nxe5 11.
Bb5 Bd6 12. Bxd7+ Qxd7 13. O-O O-O 14. Nd2 Qf5 15. Bxe5 Qxe5 16. Ng3 h5 17. Nf3 Qf4 18. Ne2 Qf5 19. Rad1 Rab8 20. Ned4 Qf4 21. Ne2 Qf5 22.
Ned4 Qd7 23. Nb5 Bf4 24. Nxa7 b5 25. Qb4 Bd6 26. Qd4 Rb7 27. Nxb5 Qxb5 28. b4 Bb8 29. Rfe1 Rc7 30. Ne5 Rcc8 31. Re3 Qa4 32. Rd2 Qa3 33. Rg3 Bxe5 34. Qxe5 Qc1+ 35. Kh2 Qxd2 36. Qxf6 g6 37.
f4 Qc2 38. f5 Kh7 39. fxg6+ fxg6 40. Qe7+ Kg8 41. Qe6+ Kg7 42. Qe5+ Kh6 43. Qe3+ Kg7 44. Qe5+ Kf7 45. Rf3+ Kg8 46. Qe6+ Kg7 47. Qe7+ Kg8 48. Qe6+ Kh8 49. Qe5+ Kh7 50. Qe7+ Kg8 51. Qe6+ 1/2-1/2

[Event "Early-Titled-Tuesday-Blitz-September-12-2023"]
[Site "Chess.com"]
[Date "2023.09.12"]
[Round "11"]
[White "Chaos_Magic"]
[Black "noblerone"]
[Result "1-0"]
[WhiteElo "2400"]
[BlackElo "2508"]
[TimeControl "180+1"]
[EndTime "10:07:03 PDT"]
[Termination "Chaos_Magic won on time"]

1. d4 d5 2. Nf3 Nf6 3. c4 c6 4. Nbd2 Bf5 5. Nh4 Be6 6. e3 g6 7. Bd3 Bg7 8. O-O O-O 9. a3 a5 10. b3 h6 11. Bb2 Nbd7 12. c5 b5 13. f4 Bg4 14. Qc2 Nb8 15. h3 Bd7 16. Nhf3 Nh5 17. Ne5 Ng3 18. Rf3 Nf5 19. Nf1 Be6 20. Qf2 Bf6 21.
g4 Bh4 22. Qg2 Ng7 23. f5 Bd7 24. fxg6 fxg6 25. Nxg6 Rxf3 26. Qxf3 Bf6 27. Ng3 Ne6 28. h4 Nxc5 29. Bc2 Be6 30. Nf5 Bxf5 31. Qxf5 Ne4 32. Bxe4 dxe4 33. Qxe4 Qd5 34. Qxd5+ cxd5 35. Rc1 Nd7 36. Rc7 Rd8 37. Kf2 Kf7 38. Nf4 e6 39. Bc1 Ke7 40. Bd2 Kd6 41. Rc2 Ra8 42. Nh5 Bh8 43. g5 hxg5 44. hxg5 Nf8 45. Kg3 Ng6 46. Kg4 Ne7 47. Be1 Nf5 48. Bg3+ Kd7 49. Rc3 Rg8 50. Bf4 Bg7 51. Rc5 Bf8 52. Rxb5 Bd6 53.
Rxa5 Bxf4 54. Kxf4 Nh4 55. Ra7+ Kc6 56. Kg4 Nf5 57. Kf4 Nd6 58. Nf6 Rh8 59. Rh7 1-0

[Event "Early-Titled-Tuesday-Blitz-September-12-2023"]
[Site "Chess.com"]
[Date "2023.09.12"]
[Round "11"]
[White "sergeikim"]
[Black "Itk04"]
[Result "0-1"]
[WhiteElo "2574"]
[BlackElo "2754"]
[TimeControl "180+1"]
[EndTime "10:07:05 PDT"]
[Termination "Itk04 won on time"]

1. d4 Nf6 2. c4 g6 3. Nc3 d5 4.
cxd5 Nxd5 5. e4 Nxc3 6. bxc3 Bg7 7.
Bc4 O-O 8. Ne2 c5 9. O-O Nc6 10.
Be3 Bd7 11. Qd2 Qa5 12. Qb2 Rab8 13. Rfd1 cxd4 14. cxd4 Qb4 15. Bb3 Rbc8 16. Rac1 e6 17. Rc4 Qb5 18. Rdc1 Na5 19. Rxc8 Bxc8 20. e5 Nxb3 21.
axb3 Bd7 22. h4 Bc6 23. Nf4 h6 24. Rc5 Qb4 25. Qc2 Rd8 26. Kh2 Be8 27. Rc8 Qe7 28. Rc7 Qxh4+ 29. Kg1 g5 30. Ne2 Bc6 31. Ng3 Qg4 32.
b4 a6 33. Qd2 Bxe5 34. Rxc6 bxc6 35. Nf1 Bxd4 36. Qc2 Qf5 37. Qxc6 Bxe3 38. Nxe3 Qb1+ 39. Kh2 Qa1 40. Qc7 Qd4 41. g3 Qd2 42. Kg2 Qd6 43. Qc3 Qd4 44. Qc7 Qe4+ 45. Kh2 Rd2 46. Kg1 Qd4 47. Qc8+ Kg7 48. Qxa6 Qf6 49. Qf1 Qd4 50.
Qe1 Qxb4 51. Kg2 Qd4 52. Kg1 Rb2 53. Kg2 Qe4+ 54. Kg1 Qf3 55. Nf1 Re2 56. Qa1+ Qf6 0-1

[Event "Early-Titled-Tuesday-Blitz-September-12-2023"]
[Site "Chess.com"]
[Date "2023.09.12"]
[Round "11"]
[White "Korchmar_Vasiliy"]
[Black "MartinMatthiesen"]
[Result "0-1"]
[WhiteElo "2694"]
[BlackElo "2547"]
[TimeControl "180+1"]
[EndTime "10:07:09 PDT"]
[Termination "MartinMatthiesen won on time"]

1. e4 c5 2. d4 cxd4 3. Qxd4 Nc6 4. Qd3 Nf6 5. Nc3 e6 6. Bf4 d5 7. exd5 Nxd5 8. Nxd5 exd5 9. O-O-O Be6 10. Nf3 Qa5 11. Qb5 Qxb5 12. Bxb5 O-O-O 13. Ng5 Bc5 14. f3 h6 15.
Nxe6 fxe6 16. Rhe1 Rhe8 17. Be5 Re7 18. Bc3 a6 19. Bxc6 bxc6 20. f4 Bd6 21. g3 Rf8 22. h4 Kd7 23. Rd3 Rf5 24. Rd4 Kc7 25. Ba5+ Kc8 26.
Rd3 g5 27. fxg5 hxg5 28. h5 g4 29. Rh1 Rh7 30. h6 Rf3 31. Be1 Rxd3 32. cxd3 Bf8 33. Bd2 e5 34. Rh4 Kd7 35. Kc2 Ke6 36. Rxg4 Kf5 37.
Ra4 Bxh6 38. Rxa6 Bxd2 39. Kxd2 Rh2+ 40. Kc3 d4+ 41. Kb3 Rd2 42. Rxc6 Rxd3+ 43. Kc2 Rxg3 44. a4 Rg2+ 45. Kb3 d3 46. Rd6 e4 47. a5 Rg7 48.
Kc3 Ke5 49. Rd8 Rc7+ 50. Kb4 Rb7+ 51. Kc3 Rb5 52. b4 Rb7 53. a6 Rc7+ 54. Kb3 Kf4 55. b5 e3 56. Rxd3 e2 57. Rd4+ Ke3 58. Rd8 Re7 59. a7 e1=Q 60. a8=Q Qb1+ 61. Kc4 Qc2+ 0-1

[Event "Early-Titled-Tuesday-Blitz-September-12-2023"]
[Site "Chess.com"]
[Date "2023.09.12"]
[Round "11"]
[White "Sanan_Sjugirov"]
[Black "Jospem"]
[Result "0-1"]
[WhiteElo "2928"]
[BlackElo "3105"]
[TimeControl "180+1"]
[EndTime "10:07:10 PDT"]
[Termination "Jospem won on time"]

1. e4 a6 2. d4 c6 3. Nf3 d5 4.
exd5 cxd5 5. Bd3 Nc6 6. c3 Bg4 7. Nbd2 e6 8. h3 Bh5 9. Nf1 Bd6 10. Ne3 Nge7 11. O-O Qc7 12. Re1 Rd8 13. Bd2 Bg6 14. Bxg6 hxg6 15. Ng4 O-O 16. Bg5 f6 17. Rxe6 fxg5 18.
Nxg5 Bf4 19. Nf3 Qd7 20. Qe2 Rf7 21. Re1 Rdf8 22. Nh4 g5 23. Nf3 Nf5 24. g3 Be3 25. Nxe3 Qxe6 26. Nxg5 Qg6 27. Nxf7 Qxf7 28. Nxf5 Qxf5 29. h4 Rf6 30. Kg2 Kh7 31. f3 Rf7 32.
Qf2 Qg6 33. g4 Na5 34. h5 Qd3 35. Qe2 Qxe2+ 36. Rxe2 Nc4 37. Kg3 g6 38. hxg6+ Kxg6 39. b3 Na3 40. Re6+ Kg7 41. Rd6 Nb5 42. Rxd5 Nxc3 43.
Re5 Rd7 44. g5 Nb5 45. d5 Nc3 46. f4 Nxd5 47. Kg4 Ne7 48. Re6 Ng6 49. Rb6 Ne7 50. Re6 Nc6 51. f5 Rd4+ 52. Kh5 Rd1 53. Re8 Kf7 54.
Rc8 Ne5 55. Rc7+ Kg8 56. g6 Rg1 57. Kh6 Rh1+ 58. Kg5 Rg1+ 59. Kf6 Ng4+ 60. Kg5 Ne3+ 61. Kh5 Rh1+ 62. Kg5 Rg1+ 63. Kh5 Nxf5 64. Rc8+ Kg7 65. Rc7+ Kf6 66. Rf7+ Ke6 67. Rxb7 Ke5 68. Ra7 Kf4 0-1

[Event "Early-Titled-Tuesday-Blitz-September-12-2023"]
[Site "Chess.com"]
[Date "2023.09.12"]
[Round "11"]
[White "Tsyhanchuk_Stanislav"]
[Black "Forge13"]
[Result "1-0"]
[WhiteElo "2445"]
[BlackElo "2601"]
[TimeControl "180+1"]
[EndTime "10:07:11 PDT"]
[Termination "Tsyhanchuk_Stanislav won by resignation"]

1. e4 e6 2. d4 d5 3. Nc3 Nf6 4.
e5 Nfd7 5. f4 c5 6. Nf3 Nc6 7.
Be3 a6 8. Qd2 Qb6 9. Na4 Qb4 10.
b3 Qxd2+ 11. Kxd2 b6 12. c4 dxc4 13. bxc4 cxd4 14. Nxd4 Bb4+ 15. Nc3 Bb7 16. a3 Nxd4 17. Bxd4 Bc5 18. Bxc5 Nxc5 19. Rb1 O-O-O+ 20. Ke3 Kc7 21. Be2 Rd7 22. Rhd1 Rhd8 23. Rxd7+ Rxd7 24. g3 g6 25. a4 Bc6 26. Ra1 Kb7 27. Ra2 h5 28. a5 bxa5 29.
Rxa5 Kb6 30. Ra2 a5 31. Rb2+ Kc7 32. Nb5+ Bxb5 33. Rxb5 Nb7 34. Bf3 Kc8 35. Bxb7+ Rxb7 36. Rxa5 Kd7 37. Ra6 Rb2 38. Ra7+ Ke8 39. c5 Rxh2 40. Kd3 Rh1 41. Kd2 Rh2+ 42. Kc3 Rh1 43. Kb2 Rh2+ 44.
Kb3 Rh1 45. Kb4 Rb1+ 46. Kc4 Rc1+ 47. Kb5 Kf8 48. Kc6 Kg7 49. Kd6 Rc3 50. c6 Rxg3 51. c7 Rd3+ 52. Ke7 Rc3 53. Kd8 Rd3+ 54. Ke8 Rc3 55. Ke7 Rc4 56. Kd7 Rd4+ 57. Kc6 Rc4+ 58. Kd6 Rd4+ 59. Kc5 Rd1 60. Ra4 Rd5+ 61. Kc6 Rd1 62.
Ra5 Rc1+ 63. Rc5 1-0

[Event "Early-Titled-Tuesday-Blitz-September-12-2023"]
[Site "Chess.com"]
[Date "2023.09.12"]
[Round "11"]
[White "ChessQueen"]
[Black "NicolaiMaxime"]
[Result "1-0"]
[WhiteElo "2723"]
[BlackElo "2554"]
[TimeControl "180+1"]
[EndTime "10:07:23 PDT"]
[Termination "ChessQueen won by checkmate"]

1. e4 c5 2. c3 Nf6 3. e5 Nd5 4. Nf3 Nc6 5. Bc4 e6 6. d4 cxd4 7. cxd4 d6 8. O-O Be7 9. Qe2 O-O 10. Rd1 a6 11. Bd2 b5 12. Bxd5 exd5 13. h3 Re8 14.
Nc3 dxe5 15. dxe5 Be6 16. Bf4 Qd7 17. Rac1 Rad8 18. Ne4 Nb4 19. a3 Nc6 20. Nc5 Bxc5 21.
Rxc5 Na5 22. Rc3 Rc8 23. Rcd3 Rc7 24. Nd4 Rec8 25. Rg3 Kh8 26. Qh5 Nc4 27. Bh6 Rg8 28. Bc1 Qe7 29. f4 g6 30. Qe2 Rcc8 31. Kh2 Bf5 32.
Nxf5 gxf5 33. Rxg8+ Rxg8 34. Rxd5 Qb7 35. Rd4 h6 36. b3 Na5 37. Rd6 Kh7 38. e6 fxe6 39.
Rxe6 Rg7 40. Qc2 Qf7 41. Re5 Qg6 42. Qxf5 Nxb3 43. Bb2 Qxf5 44. Rxf5 Rd7 45. Bc3 Rc7 46. Be5 Rb7 47. Rf6 a5 48. g4 b4 49. axb4 axb4 50. g5 hxg5 51. fxg5 Nd2 52. Rh6+ Kg8 53. Rh8+ Kf7 54.
Rh7+ Kg6 55. Rxb7 b3 56. Bf4 Nf3+ 57. Kg3 Nd4 58. Rb6+ Kf5 59. Bd2 Ke5 60. Bc3 Ke4 61.
Bxd4 Kf5 62. Rxb3 Kg6 63. Rb6+ Kh5 64. Rh6+ Kxg5 65. Be3+ Kf5 66. h4 Ke4 67. h5 Kf5 68. Rg6 Ke5 69. h6 Kf5 70. Rg8 Kf6 71. h7 Kf5 72. h8=Q Ke4 73. Re8+ Kf5 74. Qh5+ Kf6 75. Qg5+ Kf7 76. Re7+ Kf8 77. Qg7# 1-0

[Event "Early-Titled-Tuesday-Blitz-September-12-2023"]
[Site "Chess.com"]
[Date "2023.09.12"]
[Round "11"]
[White "Jenia84"]
[Black "The_Princess_Moon"]
[Result "1-0"]
[WhiteElo "2366"]
[BlackElo "2268"]
[TimeControl "180+1"]
[EndTime "10:07:24 PDT"]
[Termination "Jenia84 won by resignation"]

1. Nf3 Nf6 2. g3 b6 3. Bg2 Bb7 4. O-O h5 5. b3 h4 6. Bb2 hxg3 7. fxg3 e6 8. e3 Nc6 9. Nc3 Be7 10. Ne2 d5 11. Ned4 Nxd4 12. Bxd4 c5 13. Be5 Qd7 14. Ng5 d4 15. Bxb7 Qxb7 16. exd4 cxd4 17. Qf3 Qxf3 18. Nxf3 Rc8 19. Nxd4 Ng4 20. Bxg7 Rh7 21. h3 Rxg7 22.
hxg4 Rxg4 23. c3 Bc5 24. Rf4 Rxg3+ 25. Kf2 Rg5 26. b4 Bd6 27. Re4 Kd7 28. Rh1 Rcg8 29. Ke2 Rg4 30. Rxg4 Rxg4 31. Rh7 Rf4 32. Kd3 Be5 33.
Ne2 Rf3+ 34. Kc2 Rf2 35. Nc1 Ke7 36. Nd3 Re2 37. a4 Bf6 38. Nc1 Rg2 39. Nb3 e5 40. a5 Ke6 41. Rh3 e4 42. c4 bxa5 43. Nxa5 Bg5 44.
Nb3 e3 45. Kd1 e2+ 46. Ke1 Bf4 47. Nd4+ Kd6 48. Nxe2 Bg5 49. Kd1 Rg4 50. Rd3+ Kc6 51.
c5 Rxb4 52. Rg3 f6 53. d4 a5 54. Rf3 a4 55. Kc2 Rc4+ 56. Rc3 Rxc3+ 57. Kxc3 Kd5 58. Kb4 Be3 59. Kxa4 Bxd4 60. Nxd4 Kxd4 61. Kb5 f5 62. c6 f4 63. c7 f3 64. c8=Q f2 65. Qg4+ Ke3 66. Qd1 Kf4 67. Qf1 Kg3 68. Kc4 Kh2 69. Kd3 Kg3 70. Ke2 Kh2 71. Qxf2+ Kh1 72. Qf1+ Kh2 73.
Qf4+ Kh1 74. Qg5 Kh2 75. Kf2 1-0

[Event "Early-Titled-Tuesday-Blitz-September-12-2023"]
[Site "Chess.com"]
[Date "2023.09.12"]
[Round "11"]
[White "artin10862"]
[Black "Oleksandr_Bortnyk"]
[Result "1-0"]
[WhiteElo "2961"]
[BlackElo "3011"]
[TimeControl "180+1"]
[EndTime "10:07:32 PDT"]
[Termination "artin10862 won by checkmate"]

1. Nf3 Nf6 2. c4 b6 3. Nc3 Bb7 4. d4 g6 5. Qc2 Bg7 6. e4 d6 7. Be2 O-O 8. O-O e5 9. d5 a5 10. Bg5 Na6 11. a3 h6 12. Bh4 g5 13. Bg3 Bc8 14. Nd2 Bd7 15. Rfb1 Qe7 16. Qd1 a4 17. Nxa4 Nxe4 18. Nxe4 f5 19. Nac3 fxe4 20.
Nxe4 Nc5 21. Bd3 Bf5 22. Qc2 Nxd3 23. Qxd3 h5 24. f3 h4 25. Bf2 g4 26. fxg4 Bxg4 27. Rf1 Rf7 28. Be3 Raf8 29. Bg5 Qe8 30. Bxh4 Rxf1+ 31. Rxf1 Rxf1+ 32. Qxf1 Qg6 33. Nf6+ Bxf6 34. Bxf6 Bf5 35.
Bd8 Bd3 36. Qf2 Bxc4 37. h3 Qg7 38. Qc2 b5 39. b3 Bxd5 40. Bxc7 Qf6 41. Qd3 Qe6 42.
Qxb5 e4 43. Qb8+ Kh7 44. Bxd6 e3 45. Bg3 Qe4 46. Qc7+ Kg6 47. Qd6+ Kf5 48. Qf8+ Kg6 49. Qd6+ Kf7 50. Qf4+ Qxf4 51. Bxf4 e2 52. Bd2 Bxb3 53. Kf2 Bc4 54. g4 Kg6 55. Kg3 Kf6 56. Be1 Ke5 57.
h4 Bb3 58. h5 Bc2 59. Kh4 Kf4 60. g5 Kf5 61. g6 Bb3 62. Bc3 Ba4 63. g7 Bb3 64. a4 e1=Q+ 65. Bxe1 Kf6 66. Bc3+ Kf7 67. a5 Bc4 68. Kg5 Kg8 69. Kf4 Be2 70. h6 Kh7 71.
Bd2 Bc4 72. Ke5 Ba6 73. Kd6 Bc8 74. Kc7 Bf5 75. a6 Bd3 76. a7 Be4 77. Kb8 Bg6 78. a8=Q Bf7 79. Qe4+ Bg6 80. Qe5 Be8 81. g8=Q+ Kxg8 82. Qg7# 1-0

[Event "Early-Titled-Tuesday-Blitz-September-12-2023"]
[Site "Chess.com"]
[Date "2023.09.12"]
[Round "11"]
[White "Happy1712Drummer"]
[Black "cukin84"]
[Result "1-0"]
[WhiteElo "2345"]
[BlackElo "2219"]
[TimeControl "180+1"]
[EndTime "10:07:43 PDT"]
[Termination "Happy1712Drummer won by resignation"]

1. e4 c6 2. Ne2 d5 3. e5 Bf5 4.
Ng3 Bg6 5. h4 h5 6. d4 e6 7. Bd3 Bxd3 8. Qxd3 g6 9. O-O Nd7 10.
c4 dxc4 11. Qxc4 Rc8 12. Ne4 Qxh4 13. Nbc3 Nb6 14. Qe2 Qd8 15. Bg5 Qd7 16. Bf6 Rh7 17. Ng5 Rg7 18. Bxg7 Bxg7 19. Nce4 Bf8 20. Qf3 Nd5 21.
Rac1 Nh6 22. Nh7 Nf5 23. Nhf6+ Nxf6 24. Nxf6+ Ke7 25. Nxd7 Kxd7 26. Rfd1 Ke8 27. g4 hxg4 28. Qxg4 Rd8 29. a3 Rd5 30. b4 Be7 31. Rc3 a6 32. Rh3 Kd7 33. Rh7 Ke8 34. Kg2 a5 35. bxa5 Rxa5 36.
Rb1 b5 37. Rc1 Ra6 38. Qf3 Kd7 39. Rxf7 Nh4+ 40. Kg3 Nxf3 41. Rxf3 Ke8 42. Rcc3 g5 43. Kg4 Ra4 44. Rfd3 c5 45. Kh5 cxd4 46. Rc6 Kd7 47.
Rb6 Ra8 48. Rxb5 Rh8+ 49. Kg4 Rh4+ 50. Kf3 Kc6 51. Rbb3 Kd5 52. Rb5+ Bc5 53. a4 Kc4 54. Rd1 Rh3+ 55. Ke2 Rc3 56. Rd2 Ba7 57. Rb7 d3+ 58. Kd1 Bd4 59. Rc7+ Kb3 60. Rxc3+ Kxc3 61. a5 Bxe5 62.
a6 Bd4 63. Ra2 Ba7 64. Ra3+ Kd4 65. Kd2 e5 66. Rxd3+ Ke4 67. Ra3 Kf4 68. Ke2 g4 69. Rb3 e4 70. Rb7 Bd4 71. a7 Bxa7 72. Rxa7 Ke5 73.
Rg7 Kf4 74. Rf7+ Kg5 75. Ke3 Kg6 76. Rf4 Kg5 77. Rxe4 1-0

[Event "Early-Titled-Tuesday-Blitz-September-12-2023"]
[Site "Chess.com"]
[Date "2023.09.12"]
[Round "11"]
[White "Orest_Vovk"]
[Black "Hasangatin_Ramil"]
[Result "1-0"]
[WhiteElo "2590"]
[BlackElo "2711"]
[TimeControl "180+1"]
[EndTime "10:07:51 PDT"]
[Termination "Orest_Vovk won on time"]

1. g4 d5 2. h3 c5 3. Bg2 Nc6 4. c4 d4 5. Bxc6+ bxc6 6. d3 e5 7. Qa4 Bd7 8. Nf3 Bd6 9. Nbd2 Nf6 10. g5 Nh5 11. Ne4 Qc7 12. Nxd6+ Qxd6 13. Qa5 O-O 14. Nd2 f5 15. gxf6 Nxf6 16. f3 Bf5 17. b3 Nd7 18. Ba3 Rf6 19. O-O-O Rg6 20. Rdg1 h6 21. Rxg6 Qxg6 22.
Bxc5 Qg2 23. Re1 Bxh3 24. Ne4 Bf5 25. Qc7 Kh8 26. Qxc6 Rg8 27. Nd6 Qg6 28. Qd5 Be6 29. Qc6 Kh7 30. Ne4 a5 31. Be7 Qf7 32. Ba3 Kh8 33.
Rh1 Qg6 34. Kd1 Re8 35. Nd6 Rf8 36. Ne4 Rf4 37. Bd6 Bf5 38. Qc8+ Kh7 39. Qc7 Bxe4 40. fxe4 Rf7 41. Bxe5 Qg2 42. Re1 a4 43. Bxd4 axb3 44. axb3 Qg6 45. Qa7 Qd6 46. Bc3 Qe6 47. Qd4 Nf6 48.
Kc2 Qa6 49. Kb2 Ra7 50. Kc2 Qa2+ 51. Bb2 Rb7 52. e5 Qxb3+ 53. Kc1 Ng4 54. Qe4+ Kh8 55.
Qd4 Ne3 56. Kd2 Ng2 57. Rg1 Nf4 58. Ke3 Qxb2 59. Qxb2 Rxb2 60. Kxf4 Rxe2 61. d4 Rf2+ 62. Ke4 g5 63. Kd5 Kg7 64. c5 Kg6 65. c6 g4 66. c7 Rc2 67. Rxg4+ Kf5 68. Rg8 Rxc7 69. Kd6 Ra7 70. e6 Ra6+ 71. Kd7 Rxe6 72. Rf8+ Rf6 73. Rxf6+ Kxf6 74. d5 h5 75. d6 h4 76. Kc7 h3 77. d7 h2 78. d8=Q+ 1-0

[Event "Early-Titled-Tuesday-Blitz-September-12-2023"]
[Site "Chess.com"]
[Date "2023.09.12"]
[Round "11"]
[White "Zheenbekov86"]
[Black "Grossboss19"]
[Result "1-0"]
[WhiteElo "2426"]
[BlackElo "2516"]
[TimeControl "180+1"]
[EndTime "10:08:00 PDT"]
[Termination "Zheenbekov86 won by checkmate"]

1. e4 c6 2. d4 d5 3. e5 c5 4. dxc5 e6 5. Nf3 Bxc5 6. Bd3 Ne7 7.
O-O Ng6 8. Nbd2 Nd7 9. Nb3 Bb6 10. Bg5 Qc7 11. Bxg6 hxg6 12. Qe2 Nc5 13. Nxc5 Bxc5 14. c3 Bd7 15. Be3 Be7 16. Bd4 a6 17. a4 Bc6 18.
Qe3 Qd7 19. g3 Bxa4 20. h4 Bb5 21. Rfe1 Rc8 22. Ng5 Qd8 23. b4 Qc7 24. Qf4 Rf8 25. Re3 Bxg5 26. Qxg5 b6 27. Rf3 Be2 28. Re3 Bc4 29. h5 gxh5 30. Qxh5 Kd7 31. Qg5 g6 32. Qf6 Kc6 33. Rf3 Kb7 34. Qg5 Rh8 35. Rf6 Rh7 36. Kg2 Rch8 37. Kf3 Rh5 38. Qf4 Rf5 39. Rxf5 gxf5 40.
Ke3 Qd8 41. Rg1 Rh3 42. Kd2 Qe8 43. Ra1 Qh8 44. Qe3 Qd8 45. Rg1 Qd7 46. Ra1 Qc7 47. Kc1 Rh2 48. Kb2 Qc6 49. Qg5 Qc7 50. Qf6 Rg2 51. Rh1 a5 52. Rh7 Qc6 53. Rxf7+ Ka6 54. Qe7 axb4 55. Qxb4 Qb5 56. Qxb5+ Kxb5 57. Rf6 Rh2 58.
Rxe6 Rh5 59. Rf6 Bd3 60. e6 Kc6 61. e7+ Kd7 62. Rf7 Ke8 63. Rg7 b5 64. Bf6 Rh8 65. Rg5 Rh6 66. Rg8+ Kf7 67. e8=Q+ Kxf6 68. Qf8+ Ke5 69. Qe7+ Re6 70. f4+ Ke4 71. Qxe6+ Kf3 72. Rh8 Be4 73. Qe5 b4 74. Qd4 bxc3+ 75. Qxc3+ Kf2 76.
Qd2+ Kf3 77. Rh2 d4 78. Qe2+ Kxg3 79. Qf2+ Kg4 80. Rh4# 1-0